Croesus, chaotic male elven Ranger ---- ----------- --.>-------- |.........| |..........| |.........| |.`-----.-.| |.........| |.`|...|``.| |....<....| |....`....-| |.........| |..`.`..|..| |.........| |.----..--.| |.........| |.....`.@|.-- |.........| |.---.-.....------------+| |...|...-.[.........^^^^.| |....@....---------------- -----..|..| ------- Croesus the Trailblazer Experience level: 8 Strength: 18 Dexterity: 12 Constitution: 16 Intelligence: 16 Wisdom: 15 Charisma: 7 Health: 0(86) Energy: 88(88) Def: 12 Gold: 29 Moves: 6848 Dungeon seed: xivTMHOSMDPCZG0d Game ID: Croesus_1561503394 Your Inventory: Weapons a - an uncursed +0 bardiche c - 22 blessed +2 elven arrows (in quiver) d - an uncursed +1 elven dagger e - an uncursed very burnt +1 elven bow (weapon in hand) h - an uncursed +0 spear j - 2 uncursed +0 orcish daggers (alternate weapon; not wielded) m - an uncursed +0 sling v - an uncursed +1 trident w - a blessed +1 javelin Q - 2 uncursed +0 elven arrows S - 4 cursed -1 darts Armor b - an uncursed burnt rotted +2 elven cloak (being worn) D - an uncursed +0 Uruk-hai shield (being worn) E - an uncursed +0 orcish helm (being worn) F - an uncursed +0 pair of iron shoes (being worn) N - an uncursed +0 banded mail (being worn) Comestibles f - 4 uncursed lembas wafers k - 2 uncursed cram rations p - 2 uncursed eggs x - 5 uncursed food rations M - an uncursed female lizard corpse P - an uncursed tin of male orc shaman meat X - an uncursed male lizard corpse Potions V - an uncursed potion of confusion Rings J - an uncursed +2 ring of increase accuracy Wands n - an uncursed wand of make invisible (0:4) u - an uncursed wand of digging (0:4) K - an uncursed wand of cold (0:4) U - an uncursed wand of slow monster (0:6) Tools o - an uncursed frost horn (0:3) O - an uncursed +0 pick-axe Gems q - an uncursed worthless piece of violet glass Coins $ - 29 gold pieces Spells and supernatural/magical abilities: Name Level Category Cost Memory a - force bolt 1 attack 1000pw 98% K - cure sickness 3 healing 3000pw 91% W - pray for help -- divine ? -- Your skills at the end: Fighting Skills wands [Basic] Weapon Skills dagger [Skilled] bow [Expert] Spellcasting Skills Final Attributes: You were piously aligned. You were immune to sleep. You were poison resistant. You saw invisible. You were telepathic. You had automatic searching. You had infravision. You were stealthy. Mars was noncommittal. You are dead. Vanquished creatures: an arch-lich a warg a small mimic 2 ettin mummies a gelatinous cube a flaming sphere a red naga a leather golem a giant beetle 2 cockatrices a wolf 3 lizards a chickatrice a jaguar 3 ravens a plains centaur a snake a rope golem 3 Mordor orcs 5 Uruk-hai an orc shaman a rock mole a fog cloud a violet fungus a gnome lord 2 paper golems a baby crocodile 7 giant ants 2 floating eyes a kitten 3 dwarves 2 rothes a giant bat 4 orc zombies 2 werejackals 2 iguanas 4 killer bees 2 coyotes a hobbit 3 manes 2 large kobolds a hobgoblin a brown mold 2 yellow molds 2 green molds a red mold 7 garter snakes 5 geckos 13 jackals a kobold 3 goblins 2 grid bugs 4 lichens 2 kobold zombies 5 newts 125 creatures vanquished. Voluntary challenges: You used a wielded weapon 220 times, starting on turn 114. You read items or engraved 14 times, starting on turn 980. You never genocided any monsters. You never polymorphed an object. You never changed form. You used no wishes. You never split a pudding. You wrote Elbereth's name 3 times, starting on turn 1863. You violated your moral code, losing 39 points of alignment, starting on turn 5554. Dungeon overview: The Dungeons of Doom: levels 1 to 11 Level 1 a fountain, a vault a long staircase Level 2 an altar to Mars Level 3 a scroll shop, a fountain, a sink Level 4 a vault stairs to The Gnomish Mines Level 5 some fountains, a sink Level 6 a vault Level 7 a sink, a throne Level 8 Level 9 many fountains Level 10 some fountains, a sink stairs to Sokoban Level 11 The Gnomish Mines: Level 5 stairs to The Dungeons of Doom Sokoban: levels 8 to 9 Level 8 <- You were here Unsolved Level 9 Solved stairs to The Dungeons of Doom History has recorded: On T:1 you entered the Dungeons of Doom to retrieve the Amulet of Yendor! On T:360 you reached level 2 of The Dungeons of Doom. On T:709 you reached level 3 of The Dungeons of Doom. On T:1045 you advanced to experience level 2. On T:1338 you advanced to experience level 3. On T:1374 you reached level 4 of The Dungeons of Doom. On T:1442 you reached level 1 of The Gnomish Mines. On T:1604 you reached level 5 of The Dungeons of Doom. On T:1846 you reached level 6 of The Dungeons of Doom. On T:1964 you advanced to experience level 4. On T:2597 you advanced to experience level 5. On T:3319 you reached level 7 of The Dungeons of Doom. On T:3351 you advanced to experience level 6. On T:3838 you reached level 8 of The Dungeons of Doom. On T:4278 you advanced to experience level 7. On T:4354 you reached level 9 of The Dungeons of Doom. On T:5154 you reached level 10 of The Dungeons of Doom. On T:5372 you reached level 11 of The Dungeons of Doom. On T:5564 you reached level 4 of Sokoban. On T:5963 you advanced to experience level 8. On T:6055 you reached level 3 of Sokoban. Score breakdown: Gold: 29 ( 5024 points) Experience: 8 levels (14739 points) Exploration: 11 levels ( 23.40%) (13987 points) Discoveries: 34 items ( 11.53%) (10184 points) Valuables value: (no points given unless you survive) Artifact value: 0 ( 0 points) Variety of kills: 55 monsters ( 14.47%) (11413 points) Turncount: 6848 turns (-1819 points) Survival: died (score multiplied by 80%) Total score: 42822 Latest messages: You kill the hobgoblin! You see here a male hobgoblin corpse. This male hobgoblin corpse tastes terrible! You finish eating the male hobgoblin corpse. [19 turns] With great effort you move the boulder. The soldier zaps a zinc wand! The magic missile hits you! The magic missile bounces! The magic missile hits you! You are caught in the magical blast! You are now wielding your elven bow. j - 2 uncursed +0 orcish daggers (alternate weapon; not wielded). You shoot 4 elven arrows. The 1st elven arrow hits the soldier! The 2nd elven arrow hits the soldier! The 3rd elven arrow misses the soldier. The 4th elven arrow hits the soldier! The soldier zaps a wand of magic missile! The magic missile hits you! Elf, all your powers will be lost... The magic missile bounces! The magic missile hits you! You die... Final status: Goodbye Croesus the Ranger, killed by a magic missile... You died in Sokoban on dungeon level 8 with 42822 points, and 29 pieces of gold, after 6848 moves. You were level 8 with a maximum of 86 hit points when you died.